 Dungeon Crawl Stone Soup version 0.22.1-1-ga44c0e5 (webtiles) character file.

1470 jerryfan the Purveyor of Pain (level 8, -4/69 HPs)
             Began as a Deep Dwarf Necromancer on Nov 5, 2018.
             Was an Initiate of Kikubaaqudgha.
             Slain by a hornet zombie (7 damage)
             ... on level 7 of the Dungeon.
             The game lasted 00:35:39 (7336 turns).

jerryfan the Purveyor of Pain (DDNe)                Turns: 7336, Time: 00:35:40

Health: -4/69      AC:  4    Str: 12    XL:     8   Next: 49%
Magic:  14/14      EV: 15    Int: 18    God:    Kikubaaqudgha [......]
Gold:   158        SH:  0    Dex: 13    Spells: 5/16 levels left

rFire    . . .     SeeInvis .   l - +2 short sword (vamp)
rCold    . . .     Gourm    .   (no shield)
rNeg     . . .     Faith    .   a - +0 robe
rPois    .         Spirit   .   (no helmet)
rElec    .         Reflect  .   d - +1 cloak
rCorr    .         Harm     .   (no gloves)
MR       +....                  (no boots)
Stlth    ++........             (no amulet)
HPRegen  0.00/turn              m - ring of wizardry
MPRegen  0.14/turn              (no ring)

@: non-regenerating
A: damage resistance, heal wounds, sense surroundings 1, no regeneration
a: Heal Wounds, Renounce Religion


You were on level 7 of the Dungeon.
You worshipped Kikubaaqudgha.
Kikubaaqudgha was noncommittal.
You were not hungry.

You visited 2 branches of the dungeon, and saw 8 of its levels.

You collected 278 gold pieces.
You spent 120 gold pieces at shops.

Inventory:

Hand Weapons
 h - a +1 falchion of flaming
 j - a +1 dagger
 l - a +2 vampiric short sword (weapon)
Armour
 a - a +0 robe (worn)
 d - a +1 cloak (worn)
 o - the +2 robe of Pupla {MP+9}
   (You found it on level 7 of the Dungeon)

   It affects your magic capacity (+9).
Jewellery
 m - a ring of wizardry (left hand)
Scrolls
 b - 6 scrolls of identify
 e - a scroll of magic mapping
 f - a scroll of teleportation
 g - 2 scrolls of remove curse
 i - 2 scrolls of enchant armour
 k - a scroll of blinking
Comestibles
 c - 9 rations
 n - 2 chunks of flesh


   Skills:
 + Level 3.3 Fighting
 * Level 6.4 Dodging
 - Level 2.4 Stealth
 * Level 4.9 Spellcasting
 * Level 7.7 Necromancy


You had 5 spell levels left.
You knew the following spells:

 Your Spells              Type           Power        Failure   Level  Hunger
a - Pain                  Necr           ####         1%          1    None
b - Animate Skeleton      Necr           N/A          1%          1    None
c - Vampiric Draining     Necr           ####......   1%          3    ###....
d - Metabolic Englaciati  Hex/Ice        #.........   80%         5    ######.
e - Confusing Touch       Hex            #.....       6%          1    None

Your spell library contained the following spells:

 Spells                   Type           Power        Failure   Level  Hunger
 Animate Dead             Necr           N/A          2%          4    ####...
 Confuse                  Hex            #.......     16%         3    ###....
 Gell's Gravitas          Tloc           #.........   16%         3    ###....
 Petrify                  Tmut/Erth      #.......     45%         4    ####...
 Yara's Violent Unravell  Hex/Tmut       #.........   80%         5    ######.
 Regeneration             Chrm/Necr      Unusable     N/A         3    N/A

Dungeon Overview and Level Annotations

Branches:
Dungeon (7/15)             Temple (1/1) D:6

Altars:
Cheibriados
Dithmenos
Elyvilon
Fedhas
Gozag
Hepliaklqana
Kikubaaqudgha
Makhleb
Nemelex Xobeh
Okawaru
Qazlal
Ru
Uskayaw
Vehumet
Wu Jian
Xom
Zin
The Shining One

Shops:
D:4 ?   D:6 *

Annotations:
D:5 1 runed door
D:6 1 runed door, Lauz's ghost, novice DEFE
D:7 1 transporter


Innate Abilities, Weirdness & Mutations

You are resistant to damage.
You can heal yourself by infusing magical energy.
You passively map a small area around you.
You do not regenerate.


Message History

You hit the hornet zombie.
The hornet zombie is almost destroyed.
The crimson imp completely misses you. The hornet zombie hits you.
You hit the hornet zombie.
The hornet zombie is almost destroyed.
The hornet zombie closely misses you.
The crimson imp hits you but does no damage.
The hornet zombie hits you!
* * * LOW HITPOINT WARNING * * *
You barely miss the hornet zombie.
The hornet zombie is almost destroyed.
The crimson imp blinks!
The hornet zombie hits you.
* * * LOW HITPOINT WARNING * * *
You barely miss the hornet zombie.
The hornet zombie is almost destroyed.
The hornet zombie hits you!
* * * LOW HITPOINT WARNING * * *
The hornet zombie hits you!
You die...
Kikubaaqudgha rasps: "You have failed me!
Welcome... death!"

....####..##.#
#.# ....#
#..##.# #.#
....# ##..##.#
#.# *, ...##
#......###.#
...#
#......#....,,,
...#
#......#.#.#*
** * ,
###..#.#.#5# *
####....#.#.#
#.......#.#@#
#.......#.#Z#
#.......#..S# *
* #...........#
, ,
####.#....#.#,
* * ** *
########.# , ,,
**#.#, , , ,
+_*#.#,* ,, ,
#.#


You could see a crimson imp, a hornet zombie and a ball python.

Vanquished Creatures
  A wyvern (D:5)
  An ice beast (D:6)
  Purgy (D:3)
  2 ogres
  A centaur (D:5)
  2 scorpions (D:4)
  A crimson imp (D:6)
  A bullfrog zombie (D:5)
  A centaur skeleton (D:7)
  An orc priest (D:4)
  2 bullfrog skeletons
  5 orc wizards
  7 worker ants
  7 gnolls (D:3)
  4 adders
  A shadow imp (D:6)
  An ooze (D:7)
  4 adder skeletons
  An adder zombie (D:5)
  A worm (D:2)
  2 dart slugs (D:2)
  6 leopard geckos
  14 orcs
  2 ball pythons
  7 bats
  A giant cockroach (D:5)
  9 goblins
  4 hobgoblins
  8 jackals
  A quokka (D:6)
  3 frilled lizards
  7 kobolds
  A quokka zombie (D:5)
  8 rats
118 creatures vanquished.

Vanquished Creatures (collateral kills)
  A sky beast (D:5)
  A scorpion (D:5)
  A howler monkey (D:3)
  A bat (D:3)
  A frilled lizard (D:1)
  2 rats (D:3)
7 creatures vanquished.

Grand Total: 125 creatures vanquished

Notes
Turn   | Place    | Note
-------+----------+-------------------------------------------
     0 | D:1      | jerryfan the Deep Dwarf Necromancer began the quest for the
                  | Orb.
     0 | D:1      | Reached XP level 1. HP: 15/15 MP: 3/3
    19 | D:1      | Learned a level 1 spell: Animate Skeleton
   358 | D:1      | Reached XP level 2. HP: 17/22 MP: 0/5
  1110 | D:2      | Reached XP level 3. HP: 20/30 MP: 2/6
  1177 | D:2      | Learned a level 3 spell: Vampiric Draining
  1766 | D:3      | Reached skill level 5 in Necromancy
  2082 | D:3      | Reached XP level 4. HP: 27/37 MP: 6/6
  2168 | D:3      | Reached skill level 1 in Fighting
  2383 | D:3      | Reached XP level 5. HP: 21/44 MP: 0/8
  2694 | D:3      | Found a sacrificial altar of Ru.
  2728 | D:3      | Noticed Purgy
  2752 | D:3      | Killed Purgy
  3141 | D:3      | Reached XP level 6. HP: 23/51 MP: 1/9
  3272 | D:4      | Found Gunotim's Magic Scroll Boutique.
  3276 | D:4      | Bought a scroll of magic mapping for 38 gold pieces
  3276 | D:4      | Bought a scroll of blinking for 82 gold pieces
  3436 | D:4      | Reached skill level 6 in Necromancy
  3916 | D:4      | Reached XP level 7. HP: 39/60 MP: 0/11
  4005 | D:4      | Found a glowing silver altar of Zin.
  4267 | D:5      | Entered Level 5 of the Dungeon
  4302 | D:5      | Found a radiant altar of Vehumet.
  4402 | D:5      | Found a glowing golden altar of the Shining One.
  4402 | D:5      | Noticed an angel
  4403 | D:5      | Found a runed door.
  4403 | D:5      | Noticed a wyvern
  4475 | D:5      | Found a shimmering altar of Xom.
  4483 | D:5      | Reached skill level 5 in Dodging
  5039 | D:5      | Killed a wyvern
  5058 | D:5      | Reached skill level 7 in Necromancy
  5152 | D:5      | Found a hazy altar of Hepliaklqana.
  5208 | D:5      | Reached XP level 8. HP: 31/68 MP: 13/13
  5326 | D:5      | Learned a level 5 spell: Metabolic Englaciation
  5588 | D:6      | Found an opulent altar of Gozag.
  6177 | D:6      | Found a staircase to the Ecumenical Temple.
  6282 | D:6      | Found a runed door.
  6282 | D:6      | Noticed Lauz's ghost (novice DEFE)
  6492 | D:6      | Found Quixkeol's General Store.
  6556 | D:6      | Learned a level 1 spell: Confusing Touch
  6735 | Temple   | Entered the Ecumenical Temple
  6871 | Temple   | Became a worshipper of Kikubaaqudgha
  7184 | D:7      | Found a transporter.
  7186 | D:7      | Noticed a deep elf knight
  7199 | D:7      | Noticed a kobold demonologist
  7295 | D:7      | Identified the +2 robe of Pupla {MP+9} (You found it on
                  | level 7 of the Dungeon)
  7336 | D:7      | HP: 3/69 [hornet zombie (9)]
  7336 | D:7      | Slain by a hornet zombie

Skill      XL: |  1  2  3  4  5  6  7  8 |
---------------+-------------------------+-----
Spellcasting   | 2 3 4 |  4.9
Necromancy     | 5 6 7 |  7.7
Dodging        | 3 4 5 6 |  6.4
Fighting       | 1 2 3 |  3.3
Stealth        | |  2.4

Action                   |  1- 3 |  4- 6 |  7- 9 || total
-------------------------+-------+-------+-------++-------
Melee: Unarmed           |    86 |       |     9 ||    95
       Dagger            |    25 |   159 |   677 ||   861
       Short sword       |       |       |   136 ||   136
 Cast: Pain              |    39 |    37 |    15 ||    91
       Animate Skeleton  |    10 |     8 |     6 ||    24
       Vampiric Draining |     2 |    25 |    21 ||    48
       Confusing Touch   |       |       |     5 ||     5
 Abil: Heal Wounds       |     3 |     5 |     5 ||    13
  Use: Scroll            |     4 |     4 |     4 ||    12
       Potion            |     1 |       |     2 ||     3
 Stab: Sleeping          |     5 |     1 |     5 ||    11
       Confused          |       |       |     6 ||     6
  Eat: Chunk             |     5 |     8 |     9 ||    22
       Ration            |       |       |     3 ||     3
Armor: Robe              |    26 |    44 |   161 ||   231
Dodge: Dodged            |    78 |   131 |   547 ||   756
